 Dungeon Crawl Stone Soup version 0.31-a0-826-ga5cc291a1b (webtiles) character file.

Game seed: 10737429038784458714

35 qw the Shooter (level 3, 0/21 HPs)
             Began as a Gargoyle Hunter on Sept 23, 2023.
             Slain by a goblin
             ... wielding a +0 dagger
              (1 damage)
             ... on level 2 of the Dungeon.
             The game lasted 00:00:18 (883 turns).

qw the Shooter (Gargoyle Hunter)                     Turns: 883, Time: 00:00:18

Health: 0/21       AC:  7    Str: 14    XL:     3   Next: 33%
Magic:  3/3        EV: 11    Int:  9    God:
Gold:   103        SH:  0    Dex: 15    Spells: 2/2 levels left

rFire   . . .        Y - +0 shortbow
rCold   . . .        (shield currently unavailable)
rNeg    + . .        c - +0 leather armour
rPois   inf          (no helmet)
rElec   +            (no cloak)
rCorr   .            (no gloves)
SInv    .            e - +0 pair of boots
Will    .....        (no amulet)
Stlth   ++           (no ring)
HPRegen 0.23/turn    (no ring)
MPRegen 0.08/turn

%: no passive effects
@: no status effects
A: sickness immunity, AC +3, negative energy resistance 1, electricity
resistance, torment resistance 1, petrification resistance
a: no special abilities


You were on level 2 of the Dungeon.
You visited 1 branch of the dungeon, and saw 2 of its levels.

You collected 103 gold pieces.


Innate Abilities, Weirdness & Mutations

You are immune to sickness and miasma.
Your stone body is resilient. (AC +3)
You are immune to poison.
You resist negative energy. (rN+)
You are resistant to electric shocks. (rElec)
You are resistant to unholy torment.
You are immune to petrification.


   Skills:
 + Level 2.1 Fighting
 - Level 5.1 Ranged Weapons
 - Level 1.5 Dodging
 - Level 1.1 Stealth


You had 2 spell levels left.
You didn't know any spells.
Your spell library was empty.

Inventory:

Hand Weapons
 Y - a +0 shortbow (weapon)
Armour
 c - a +0 leather armour (worn)
 e - a +0 pair of boots (worn)
Jewellery
 d - a ring of ice
 f - a ring of resist corrosion
Potions
 a - a potion of attraction {unknown}
 b - a potion of degeneration {unknown}
 h - a potion of heal wounds {unknown}

Dungeon Overview and Level Annotations

Branches:
Dungeon (2/15)

Altars:
Cheibriados

Shops:
D:1 (

Annotations:
D:2 Jessica


Message History

Jessica is almost dead.
The adder bites you but does no damage. x2
The kobold hits you but does no damage.
Jessica mumbles some strange words.
Jessica blinks!
The adder closely misses you. The adder bites you.
The kobold closely misses you. The adder barely misses you.
You shoot an arrow. The arrow barely misses the adder.
The arrow hits Jessica but does no damage.
Jessica is almost dead.
Jessica casts a spell.
Jessica blinks!
The adder bites you but does no damage. The adder closely misses you.
The kobold hits you with a +0 club. The adder bites you.
The adder barely misses you. The kobold hits you with a +0 club.
The adder barely misses you.
You shoot an arrow. The arrow completely misses the adder.
The adder misses you.
Jessica gestures wildly while chanting.
Jessica blinks!
The adder barely misses you. The kobold hits you with a +0 club.
The adder bites you. The adder closely misses you.
The kobold hits you but does no damage. The adder bites you but does no damage.
You shoot an arrow. The arrow hits the adder!
You kill the adder!
You feel yourself speed up. The adder bites you.
The kobold hits you but does no damage. Jessica closely misses you.
The adder bites you but does no damage. The kobold hits you but does no damage.
Your Ranged Weapons skill increases to level 5!
You shoot an arrow.
The arrow hits Jessica but does no damage.
Jessica is almost dead.
Jessica hits you but does no damage. The adder bites you but does no damage.
Jessica casts a spell.
Jessica blinks!
The kobold barely misses you. The adder bites you.
You shoot an arrow. The arrow hits the adder!
The adder is almost dead.
Jessica casts a spell.
Jessica blinks!
The adder closely misses you. The kobold misses you.
Jessica mumbles some strange words.
Jessica blinks!
The goblin hits you with a +0 dagger.
You die...

#..# #..# #..#
#..# #..# #..#
#..# ~ #..### ~~
#..S@# ~. #.)gK#
#~ #...J# ##.
###¤.¤.#
..#...#......##
..............#
.......%@......#
................#
................#


You could see an adder, Jessica (fast), an endoplasm, a goblin and a kobold.

Vanquished Creatures
  An adder (D:2)
  3 dart slugs (D:1)
  3 bats
  An endoplasm (D:1)
  3 giant cockroaches
  2 goblins
  A hobgoblin (D:1)
  A kobold (D:2)
  A ball python (D:2)
  3 frilled lizards
  2 rats (D:1)
21 creatures vanquished.

Notes
Turn   | Place    | Note
-------+----------+-------------------------------------------
     0 | D:1      | qw the Gargoyle Hunter began the quest for the Orb.
     0 | D:1      | Reached XP level 1. HP: 12/12 MP: 1/1
     0 | D:1      | 0 ||| qw: Version: 0.3-a-83-gcd0e7d8
     0 | D:1      | 0 ||| qw: Game counter: 1830
     0 | D:1      | 0 ||| qw: Melee chars always use a shield: true
     0 | D:1      | 0 ||| qw: God list: Okawaru
     0 | D:1      | 0 ||| qw: Allow faded altars: false
     0 | D:1      | 0 ||| qw: Do Orc after clearing Dungeon:15 true
     0 | D:1      | 0 ||| qw: Do second Lair branch before Depths: true
     0 | D:1      | 0 ||| qw: Lair rune preference: random
     0 | D:1      | 0 ||| qw: Goals: Normal
     0 | D:1      | 0 ||| PLANNING D:1-11
    80 | D:1      | Found Xyleeh's Antique Weapon Boutique.
    89 | D:1      | 89 ||| SHOPLISTING dazzling sling (149 gold, have 6).
   148 | D:1      | Reached XP level 2. HP: 16/17 MP: 2/2
   701 | D:1      | 701 ||| UPGRADING to +0 pair of boots.
   706 | D:1      | 706 ||| DROPPING scarf of shadows.
   707 | D:1      | 707 ||| READING scroll labelled APTI TATICSUIR.
   710 | D:1      | 710 ||| DROPPING scroll of butterflies.
   793 | D:2      | Found a snail-covered altar of Cheibriados.
   831 | D:2      | Reached XP level 3. HP: 21/21 MP: 3/3
   863 | D:2      | Noticed Jessica
   868 | D:2      | 868 ||| Stepping ~*~*~tactically~*~*~ (retreating).
   869 | D:2      | 869 ||| Stepping ~*~*~tactically~*~*~ (retreating).
   870 | D:2      | 870 ||| Stepping ~*~*~tactically~*~*~ (retreating).
   871 | D:2      | 871 ||| Stepping ~*~*~tactically~*~*~ (retreating).
   872 | D:2      | 872 ||| Stepping ~*~*~tactically~*~*~ (retreating).
   880 | D:2      | HP: 5/21 [kobold/+0 club (1)]
   881 | D:2      | HP: 2/21 [adder (2)]
   882 | D:2      | Reached skill level 5 in Ranged Weapons
   883 | D:2      | Slain by a goblin

Levels and vault maps discovered:
D:1:      ebering_trefoil_3fold, layout_loops_corners, serial_shops,
          nicolae_shop_stone
D:2:      wad_lake_hut, layout_rooms, basic_altar, uniq_jessica

Skill      XL: |  1  2  3 |
---------------+----------+-----
Ranged Weapons | 5 |  5.1
Fighting       | |  2.1
Dodging        | |  1.5
Stealth        | |  1.1

Action                     || total
---------------------------++-------
   Fire: Shortbow          ||    65
    Use: Scroll            ||     1
 Armour: Leather armour    ||    47
  Dodge: Dodged            ||    40

Table legend:
 A = Non-vault XP
 B = Vault XP
 C = Vault XP percentage of total XP
 D = Non-vault monster count
 E = Vault monster count
 F = Vault count percentage of total count
                 A         B        C        D         E       F
            +---------+---------+-------+---------+---------+-------
      Total |      50 |       0 |   0.0 |      21 |       0 |   0.0
            +---------+---------+-------+---------+---------+-------
        D:1 |      28 |       0 |   0.0 |      13 |       0 |   0.0
        D:2 |      22 |       0 |   0.0 |       8 |       0 |   0.0
            +---------+---------+-------+---------+---------+-------
